cohdb
Replays
Latest Replays
All Replays
Popular Replays
Top Player Replays
Match Explorer
How It Works
Community
CoH3 Stats
Reddit
Sign in to upload your games and track your stats! →
Sign in with Steam
Match 45764235
Unlisted
Match 45764235
Overview
Messages
Build Orders
End
Selects Breakthrough Battlegroup
Selects Assault Grenadiers
Construct Infanterie Kompanie
Grenadier Squad
Grenadier Squad
Grenadier Squad
Infanterie Officer Quarters
Selects 2.5-tonne Cargo Truck
2.5-tonne Cargo Truck
Construct Panzergrenadier Kompanie
Selects Smoke Bombing Run
Pak 40 Anti-tank Gun Team
MG 42 Bunker
Support Elements
Medical Station
Selects Incendiary Bombing Run
Nebelwerfer 42 Rocket Launcher Team
Pak 40 Anti-tank Gun Team
Construct Panzer Kompanie
Panzergrenadier Officer Quarters
Panzer Officer Quarters
Panzer IV Medium Tank
Selects Blitzkrieg
Panzer IV Medium Tank
Side Skirts
ReZuRrEcT
Beanie Beans
viejon
Salah Adin
RichardMeowser
Field marshal Prince
Archnemesis
Keith27
0
0
Comments
sign in to comment!
No comments posted yet!